 Dungeon Crawl Stone Soup version 0.21.0-3-g78d12a8 (webtiles) character file.

21 Monsterracer the Insei (level 2, -1/21 HPs)
             Began as a Demonspawn Transmuter on Jan 14, 2018.
             Slain by a goblin
             ... wielding a +1 dagger of electrocution
              (18 damage)
             ... on level 1 of the Dungeon.
             The game lasted 00:01:19 (714 turns).

Monsterracer the Insei (Demonspawn Transmuter)       Turns: 714, Time: 00:01:19

Health: -1/21      AC:  2    Str: 10    XL:     2   Next: 65%
Magic:  5/5        EV: 12    Int: 14    God:
Gold:   20         SH:  0    Dex: 13    Spells: 4/5 levels left

rFire    . . .     SeeInvis .     - Unarmed
rCold    . . .     Gourm    .   (no shield)
rNeg     . . .     Faith    .   b - +0 robe
rPois    .         Spirit   .   (no helmet)
rElec    .         Reflect  .   (no cloak)
rCorr    .         Harm     .   (no gloves)
MR       .....                  (no boots)
Stlth    +.........             (no amulet)
HPRegen  0.07/turn              (no ring)
MPRegen  0.09/turn              (no ring)

@: no status effects
A: claws 1
a: no special abilities


You were on level 1 of the Dungeon.
You were not hungry.

You visited 1 branch of the dungeon, and saw 1 of its levels.

You collected 20 gold pieces.

Inventory:

Missiles
 a - 29 arrows
Armour
 b - a +0 robe (worn)
Scrolls
 e - 2 scrolls of fear {unknown}
 f - 2 scrolls of identify {unknown}
 g - a scroll of enchant weapon {unknown}
 i - a scroll of immolation {unknown}
Potions
 h - a potion of might {unknown}
Books
 c - a book of Changes

   Spells                             Type                      Level
   a - Beastly Appendage              Transmutation                1
   b - Sticks to Snakes               Transmutation                2
   c - Spider Form                    Transmutation/Poison         3
   d - Ice Form                       Ice/Transmutation            4
   e - Blade Hands                    Transmutation                5
Comestibles
 d - 4 rations


   Skills:
 - Level 1.0 Fighting
 - Level 1.7 Dodging
 * Level 3.3 Unarmed Combat
 - Level 2.0 Spellcasting
 + Level 2.2 Transmutations


You had 4 spell levels left.
You knew the following spells:

 Your Spells              Type           Power        Failure   Level  Hunger
a - Beastly Appendage     Tmut           #.....       10%         1    ##.....


Dungeon Overview and Level Annotations

Branches:
Dungeon (1/15)

Altars:


Innate Abilities, Weirdness & Mutations

You have sharp fingernails.


Message History

A bat is nearby!
The helpless bat fails to defend itself.
You claw the bat!
You kill the bat!
No target in view!
No target in view!
No target in view!
No target in view!
a - 29 arrows (gained 17)
You open the door.
A hobgoblin comes into view.
The hobgoblin shouts!
You hear a bark!
A hobgoblin is nearby!
There is an open door here.
A hobgoblin is nearby!
You scratch the hobgoblin but do no damage.
The hobgoblin closely misses you.
A jackal comes into view.
You scratch the hobgoblin.
You kill the hobgoblin!
You claw the jackal!
You kill the jackal!
No target in view!
No target in view!
No target in view!
A jackal comes into view.
Found a blue potion.
You see here a hobgoblin corpse.
A jackal is nearby!
The jackal completely misses you.
You barely miss the jackal. The jackal closely misses you.
You scratch the jackal but do no damage.
The jackal bites you.
You take 2 damage, and have 19/21 hp.
You scratch the jackal but do no damage.
The jackal bites you but does no damage.
You scratch the jackal.
The jackal is moderately wounded.
The jackal bites you but does no damage.
You scratch the jackal.
You kill the jackal!
No target in view!
h - a blue potion Health restored: 21 No target in view!
Found a ring mail.
No target in view!
You see here a ring mail.
Key pressed, stopping explore.
No target in view!
No target in view!
A kobold comes into view.
Found a scroll labeled VAFIGR YTEF.
A kobold is nearby!
Found a ration.
The kobold barely misses you.
You scratch the kobold.
You kill the kobold!
No target in view!
i - a scroll labeled VAFIGR YTEF
d - 4 rations (gained 1)
Found a hunting sling.
No target in view!
No target in view!
No target in view!
You open the door.
Found an escape hatch in the floor.
There is an open door here.
A hobgoblin comes into view. It is wielding a club.
A goblin comes into view.
It is wielding a dagger of electrocution.
The goblin shouts!
The hobgoblin shouts!
The goblin moves out of view.
You scratch the hobgoblin but do no damage.
The hobgoblin misses you.
You barely miss the hobgoblin. The goblin misses you.
The hobgoblin hits you but does no damage.
You closely miss the hobgoblin.
The goblin hits you with a dagger of electrocution.
The hobgoblin hits you but does no damage.
You take 3 damage, and have 18/21 hp.
You barely miss the hobgoblin. The goblin misses you.
The hobgoblin hits you but does no damage.
You closely miss the hobgoblin. The goblin hits you but does no damage.
The hobgoblin barely misses you.
You barely miss the hobgoblin. The goblin misses you.
The hobgoblin closely misses you.
You closely miss the hobgoblin. The goblin closely misses you.
The hobgoblin closely misses you.
You scratch the hobgoblin but do no damage.
The goblin hits you with a dagger of electrocution.
You take 1 damage, and have 17/21 hp.
You claw the hobgoblin!
You kill the hobgoblin!
The goblin hits you but does no damage.
You scratch the goblin but do no damage.
The goblin hits you but does no damage.
You scratch the goblin but do no damage.
The goblin hits you but does no damage.
You are electrocuted!
Ouch! That really hurt!
You die...

+....................
######.##########...
#....# #.##
#############.### #...
#.....%...##.)..# ####
#..........'....# #
#..........#....# #
#......>...#....# #
#.....)@...#....##+#####
.......g..............##
.#.....#...............'
#.....#.............(##
#..$$.#..............#
#.....+....#######.###
#.....##...# #.####
....## ...# #.....
#####.


You could see a goblin.

Vanquished Creatures
  A dart slug (D:1)
  2 ball pythons (D:1)
  2 bats (D:1)
  3 hobgoblins (D:1)
  6 jackals (D:1)
  A kobold (D:1)
  A rat (D:1)
16 creatures vanquished.

Notes
Turn   | Place    | Note
-------+----------+-------------------------------------------
     0 | D:1      | Monsterracer the Demonspawn Transmuter began the quest for the Orb.
     0 | D:1      | Reached XP level 1. HP: 15/15 MP: 3/3
    37 | D:1      | Reached skill level 3 in Unarmed Combat
    38 | D:1      | HP: 6/15 [jackal (3)]
   356 | D:1      | Gained mutation: You have sharp fingernails. [demonic ancestry]
   356 | D:1      | Reached XP level 2. HP: 17/21 MP: 3/5
   362 | D:1      | HP: 10/21 [bat (1)]
   714 | D:1      | Slain by a goblin

Skill      XL: |  1 |
---------------+----+-----
Unarmed Combat | 3 |  3.3
Transmutations | 2 |  2.2
Fighting       | |  1.0
Dodging        | |  1.7
Spellcasting   | |  2.0

Action                   || total
-------------------------++-------
Melee: Unarmed           ||    63
       Kick              ||     3
       Headbutt          ||     3
 Cast: Beastly Appendage ||     2
 Stab: Sleeping          ||     1
Armor: Robe              ||    12
Dodge: Dodged            ||    50

Vault maps used:
D:1:      dpeg_arrival_rooms_b
